 Dungeon Crawl Stone Soup version 0.28-a0-8-g6e044cfa68 (webtiles) character file.

Game seed: 2187631985644166766

3 Sobieck the Magician (level 1, 16/16 HPs)
             Began as a Djinni Fire Elementalist on July 23, 2021.
             Got out of the dungeon alive.
             The game lasted 00:00:24 (196 turns).

Sobieck the Magician (Djinni Fire Elementalist)      Turns: 196, Time: 00:00:24

Health: 16/16      AC:  2    Str:  7    XL:     1   Next: 55%
Gold:   0          EV: 12    Int: 16    God:
                   SH:  0    Dex: 13

rFire   + + .      SeeInvis .   (no weapon)
rCold   x . .      Faith    .   (no shield)
rNeg    . . .      Spirit   .   a - +0 robe
rPois   ∞          Reflect  .   (no helmet)
rElec   .          Harm     .   (no cloak)
rCorr   .          Rampage  .   (no gloves)
Will    .....                   (boots unavailable)
Stlth   ++........              (no amulet)
HPRegen 0.05/turn               (no ring)
MPRegen 0.00/turn               (no ring)

@: flying
A: sickness immunity, fire resistance 2, cold vulnerability 1, float, innate
caster, hp casting, extra vitality 1
a: no special abilities


You escaped.
You visited 1 branch of the dungeon, and saw 1 of its levels.


Innate Abilities, Weirdness & Mutations

You are immune to sickness and miasma.
You are immune to poison.
Your flesh is very heat resistant. (rF++)
You are vulnerable to cold. (rC-)
You float through the air rather than walking.
You learn spells naturally, not from books.
Your magical power is your life essence.
You have superior vitality. (+4 HP)


   Skills:
 + Level 0.5 Fighting
 - Level 2.1 Dodging
 - Level 1.5 Stealth
 + Level 2.5 Spellcasting


You couldn't memorise any spells.
You knew the following spells:

 Your Spells              Type           Power      Damage    Failure   Level
a - Foxfire               Conj/Fire      40%        2x1d6     7%          1
b - Conjure Flame         Conj/Fire      10%        6-21      22%         3
c - Inner Flame           Hex/Fire       10%        N/A       22%         3
d - Sticky Flame          Conj/Fire      10%        2d3       56%         4
e - Fireball              Conj/Fire      5%         3d5       89%         5
Your spell library was empty.

Inventory:

Hand Weapons
 b - a +0 short sword {short}
   (You found it on level 1 of the Dungeon)
Missiles
 c - 13 arrows
Armour
 a - a +0 robe (worn)
Potions
 d - a potion of degeneration {unknown}

Dungeon Overview and Level Annotations

Branches:
Dungeon (1/15)

Altars:

#. #..†......>.... .
#..........##
#...#####...........###
#.#....................
...#####.#####.#####.#
#..###...###...## ...
#...#.....#.....#....
#....#####.......##
#.....###....@....#
##.....#...........#
##.....#####.#####..
##.....## ...# ..
##.....# ....#
##.....#####.. ##.....#
... #.......# ..
#..##......


There were no monsters in sight!


Message History

🤖 Initializing magus.rc ... ✅ Successfully initialized magus_sobieck.rc [v0.0.1] Welcome, Sobieck the Djinni Fire Elementalist.
The bosom of this dungeon contains the transcendent artefact, the Orb of Zot.
Press ? for a list of commands and other information.
Found a short sword.
Found a staircase leading out of the dungeon.
You begin with the following spells memorised: Foxfire, Conjure Flame, Inner Flame, Sticky Flame, Fireball.
Unknown command.
A dart slug comes into view.
Found a stone staircase leading down.
A dart slug is nearby!
You conjure some foxfire!
The dart slug launches a dart at you. The slug dart misses you. 😕 HP[-1]
You take 1 damage, and now have 14/15 hp.
You conjure some foxfire!
The foxfire hits the dart slug. x2 😕 HP[-1]
You take 1 damage, and now have 13/15 hp.
You conjure some foxfire!
The foxfire hits the dart slug. 😕 HP[-1]
You take 1 damage, and now have 12/15 hp.
You conjure some foxfire!
The foxfire hits the dart slug.
You kill the dart slug!
You now have 16 max hp (+1).
You are too injured to fight recklessly!
b - a +0 short sword {short}
Found a stone staircase leading down. 😎 HP[+4]
Your hp is fully restored (16).
Unknown command.
c - 13 arrows A frilled lizard comes into view.
A frilled lizard is nearby!
Really attack while wielding nothing? [Y]es or [N]o only, please.
Really attack while wielding nothing? [Y]es or [N]o only, please.
Really attack while wielding nothing? [Y]es or [N]o only, please.
Really attack while wielding nothing?
Okay, then.
Unknown command.
You conjure some foxfire!
The frilled lizard hisses angrily. 😕 HP[-1]
You take 1 damage, and now have 15/16 hp.
You conjure some foxfire! 😕 HP[-1]
You take 1 damage, and now have 14/16 hp.
You conjure some foxfire! 😕 HP[-1]
You take 1 damage, and now have 13/16 hp.
You miscast Foxfire.
You are very lightly contaminated with residual magic.
Nothing appears to happen.
The foxfire hits the frilled lizard.
You kill the frilled lizard! 😮 HP[-1]
You take 1 damage, and now have 12/16 hp.
You are too injured to fight recklessly!
Your magical contamination has completely faded away.
Unknown command.
d - a golden potion 😎 HP[+4]
Your hp is fully restored (16).
(D) Dungeon
Where to? (? - help)
Okay, then.
There is a staircase leading out of the dungeon here.
You can't go down here!
Are you sure you want to leave the Dungeon?
This will make you lose the game!
You have escaped!

Action                   || total
-------------------------++-------
 Cast: Foxfire           ||     7
Dodge: Dodged            ||     1

Levels and vault maps discovered:
D:1:      onia_arrival_pyramid, layout_rooms, serial_shops,
          nicolae_shop_crystal, kennysheep_crisscross, dk_noncrumbling_4,
          hangedman_glass_teeth

Notes
Turn   | Place    | Note
-------+----------+-------------------------------------------
     0 | D:1      | Sobieck the Djinni Fire Elementalist began the quest for
                  | the Orb.
     0 | D:1      | Reached XP level 1. HP: 15/15 MP: 0/0
     0 | D:1      | magus.rc [v1.9.6]
   196 | D:$      | Got out of the dungeon alive.

Vanquished Creatures
  A dart slug (D:1)
  A frilled lizard (D:1)
2 creatures vanquished.

Vanquished Creatures (others)
  13 foxfires (D:1)
13 creatures vanquished.

Grand Total: 15 creatures vanquished

Table legend:
 A = Non-vault XP
 B = Vault XP
 C = Vault XP percentage of total XP
 D = Non-vault monster count
 E = Vault monster count
 F = Vault count percentage of total count
                 A         B        C        D         E       F
            +---------+---------+-------+---------+---------+-------
      Total |       5 |       0 |   0.0 |       2 |       0 |   0.0
            +---------+---------+-------+---------+---------+-------
        D:1 |       5 |       0 |   0.0 |       2 |       0 |   0.0
            +---------+---------+-------+---------+---------+-------

Illustrated notes

Table legend:
 A = Kills in this place as a percentage of kills in entire the game.
 B = Kills by you in this place as a percentage of kills by you in the entire game.
 C = Kills by friends in this place as a percentage of kills by friends in the entire game.
 D = Other kills in this place as a percentage of other kills in the entire game.
 E = Experience gained in this place as a percentage of experience gained in the entire game.
 F = Experience gained in this place divided by the number of levels of this place that you have seen.
                   A       B       C       D       E      F
               +-------+-------+-------+-------+-------+----------------------
         Total | 100.0 | 100.0 |   N/A |   N/A | 100.0 |   5.0
       Dungeon | 100.0 | 100.0 |   N/A |   N/A | 100.0 |   5.0
               +-------+-------+-------+-------+-------+----------------------

Table legend: (Time is in decaauts)
 A = Elapsed time spent in this place.
 B = Non-inter-level travel time spent in this place.
 C = Inter-level travel time spent in this place.
 D = Time resting spent in this place.
 E = Time spent auto-exploring this place.
 F = Levels seen in this place.
 G = Mean time per level.
                   A        B        C        D        E       F      G
               +--------+--------+--------+--------+--------+-----+--------+
         Total |    196 |    188 |      8 |      0 |    172 |   1 |  196.0 |
       Dungeon |    196 |    188 |      8 |      0 |    172 |   1 |  196.0 |
               +--------+--------+--------+--------+--------+-----+--------+

Top non-repeatable levels by time:
     D:1: 196 daAuts
